AoeStats
← Andi

Arabia

503974046Analyzed
1v1 RM · 29d ago on Sep 3, 2026· 74m 56s· 2 players
Game mode
Random Map
Map size
Tiny (2 player)
Population
200
Speed
Normal
Resources
Standard
Victory
Conquest
Starting age
Dark Age
Ending age
Imperial Age
RankedLock teamsTeams togetherTeam positionsShared explorationLock speedFull tech treeHidden civsTurbo modeCheats
Victory
Defeat
🇷🇴 Lithuanians · Romania
913
+45
🇦🇺 Byzantines · Australia
909
-45
Renzin
16:06 Loom
36:06 Feudal Age
36:20 Man-at-Arms
46:26 Wheelbarrow
71:13 Castle Age
Andi
5:26 Loom
15:54 Feudal Age
17:22 Wheelbarrow
16:33 Town Watch
20:05 Horse Collar
20:19 Stone Mining
20:19 Gold Mining
20:17 Double-Bit Axe
23:57 Forging
23:48 Scale Mail Armor
23:38 Fletching
23:49 Padded Archer Armor
23:54 Scale Barding Armor
23:27 Man-at-Arms
23:54 Arson
29:53 Castle Age
29:53 Bloodlines
31:48 Long Swordsman
31:52 Crossbowman
32:39 Thumb Ring
32:44 Squires
32:06 Light Cavalry
32:48 Husbandry
35:03 Stone Shaft Mining
34:31 Heavy Plow
34:48 Hand Cart
35:19 Pikeman
35:24 Elite Skirmisher
37:26 Bow Saw
37:59 Town Patrol
41:57 Iron Casting
41:38 Chain Mail Armor
41:18 Bodkin Arrow
41:38 Leather Archer Armor
41:44 Chain Barding Armor
65:34 Hill Forts
68:08 Imperial Age
68:42 Two-Handed Swordsman
70:06 Plate Barding Armor
70:02 Ring Archer Armor
69:33 Bracer
68:57 Elite Leitis
70:15 Hoardings
70:02 Conscription
69:47 Tower Shields
71:48 Two-Handed Swordsman
71:50 Halberdier
71:52 Heavy Cavalry Archer
71:54 Winged Hussar
71:55 Cavalier
71:58 Capped Ram
71:58 Onager
Connection lost

Rejoining the realm…

Still unreachable

The connection could not be restored.

Session expired

The server has moved on; the page needs a fresh start.